AoeStats
← MGLZY

Arabia

509103285Analyzed
2v2 RM · 8d ago on Sep 25, 2026· 58m 21s· 4 players
Game mode
Random Map
Map size
Medium (4 player)
Population
200
Speed
Normal
Resources
Standard
Victory
Conquest
Starting age
Dark Age
Ending age
Imperial Age
RankedLock teamsTeams togetherTeam positionsShared explorationLock speedFull tech treeHidden civsTurbo modeCheats
Victory
Defeat
🇨🇳 Portuguese · China
1039
+16
🇨🇳 Mongols · China
1037
+16
🇫🇷 Bulgarians · France
1039
-16
🇫🇷 Hindustanis · France
1039
-16
MGLZY
4:17 Loom
9:12 Feudal Age
9:48 Double-Bit Axe
9:44 Horse Collar
17:57 Gold Mining
19:47 Wheelbarrow
21:15 Castle Age
19:55 Wheelbarrow
20:14 Forging
21:13 Scale Barding Armor
22:16 Bloodlines
22:07 Husbandry
23:34 Bow Saw
24:20 Iron Casting
26:33 Gold Shaft Mining
26:44 Chain Barding Armor
26:50 Heavy Plow
28:43 Town Watch
29:34 Fletching
30:18 Stone Mining
31:15 Heavy Plow
33:53 Bodkin Arrow
34:01 Padded Archer Armor
34:19 Thumb Ring
37:51 Imperial Age
36:41 Leather Archer Armor
39:55 Chemistry
39:18 Elite Steppe Lancer
41:08 Stone Shaft Mining
41:05 Parthian Tactics
41:19 Ballistics
42:19 Blast Furnace
41:30 Bracer
42:24 Conscription
43:48 Siege Engineers
45:46 Hand Cart
46:58 Elite Mangudai
51:30 Hoardings
MCZZY
9:10 Loom
11:04 Feudal Age
11:43 Horse Collar
11:49 Double-Bit Axe
20:13 Fletching
25:20 Castle Age
23:11 Gold Mining
23:58 Bloodlines
25:12 Forging
25:37 Padded Archer Armor
26:00 Heavy Plow
26:11 Bow Saw
26:02 Stone Mining
26:10 Pikeman
27:29 Husbandry
27:48 Gambesons
29:09 Bodkin Arrow
30:43 Stone Shaft Mining
30:00 Town Watch
30:44 Ballistics
29:50 Crossbowman
30:06 Light Cavalry
31:47 Thumb Ring
35:58 Iron Casting
38:00 Imperial Age
35:55 Circumnavigation
38:53 Leather Archer Armor
39:23 Wheelbarrow
38:48 Town Patrol
38:35 Arbalester
39:19 Bracer
40:35 Conscription
42:04 Arquebus
43:08 Chemistry
42:43 Ring Archer Armor
43:14 Blast Furnace
42:49 Hand Cart
43:17 Halberdier
44:08 Scale Barding Armor
45:58 Two-Man Saw
45:31 Crop Rotation
45:28 Bombard Tower
45:40 Scale Mail Armor
46:18 Elite Organ Gun
49:22 Chain Mail Armor
Colonel Jam
13:05 Feudal Age
11:21 Loom
13:39 Double-Bit Axe
15:30 Horse Collar
19:46 Castle Age
18:50 Bloodlines
22:35 Heavy Plow
23:53 Scale Barding Armor
26:34 Forging
28:55 Wheelbarrow
29:22 Bow Saw
37:47 Imperial Age
37:09 Stirrups
37:43 Pikeman
38:23 Squires
39:43 Iron Casting
39:36 Halberdier
42:10 Conscription
44:01 Husbandry
45:15 Hand Cart
45:14 Heavy Scorpion
46:27 Cavalier
48:12 Blast Furnace
47:33 Chain Barding Armor
47:04 Fletching
49:53 Crop Rotation
49:19 Stone Mining
49:28 Light Cavalry
50:12 Scale Mail Armor
50:48 Plate Barding Armor
Balou
8:34 Loom
11:10 Feudal Age
11:57 Double-Bit Axe
16:47 Man-at-Arms
18:33 Fletching
24:57 Castle Age
23:43 Stone Mining
23:45 Gold Mining
24:08 Forging
23:46 Horse Collar
25:30 Bloodlines
25:29 Scale Barding Armor
27:42 Wheelbarrow
27:24 Bow Saw
30:50 Heavy Plow
31:27 Gold Shaft Mining
32:12 Hand Cart
33:52 Long Swordsman
34:33 Squires
35:12 Iron Casting
34:38 Scale Mail Armor
34:59 Chain Barding Armor
38:02 Husbandry
41:30 Imperial Age
39:56 Stone Shaft Mining
39:53 Elite Skirmisher
40:33 Bodkin Arrow
40:39 Padded Archer Armor
41:45 Heavy Camel Rider
42:55 Conscription
41:56 Elite Ghulam
43:23 Grand Trunk Road
44:02 Pikeman
47:42 Blast Furnace
46:58 Chain Mail Armor
47:19 Plate Barding Armor
46:22 Imperial Camel Rider
48:17 Bracer
48:33 Leather Archer Armor
49:24 Town Watch
53:22 Town Patrol
55:45 Chemistry
Connection lost

Rejoining the realm…

Still unreachable

The connection could not be restored.

Session expired

The server has moved on; the page needs a fresh start.